 Dungeon Crawl Stone Soup version 0.30.0-29-ga12c61a403 (webtiles) character file.

Game seed: 11444142126041107262

11 AgateBread the Firebug (level 2, 0/23 HPs)
             Began as a Hill Orc Fire Elementalist on June 25, 2023.
             Succumbed to a kobold's poison
             ... on level 1 of the Dungeon.
             The game lasted 00:06:00 (920 turns).

AgateBread the Firebug (Hill Orc Fire Elementalist)  Turns: 920, Time: 00:06:01

Health: 0/23       AC:  5    Str: 10    XL:     2   Next: 29%
Magic:  1/4        EV: 12    Int: 15    God:
Gold:   34         SH:  0    Dex: 11    Spells: 3/4 levels left

rFire   . . .        g - +0 dagger
rCold   . . .        (no shield)
rNeg    . . .        a - +0 robe
rPois   .            (no helmet)
rElec   .            d - +2 cloak
rCorr   .            (no gloves)
SInv    .            (no boots)
Will    .....        (no amulet)
Stlth   ++           (no ring)
HPRegen 0.23/turn    (no ring)
MPRegen 0.09/turn

%: no passive effects
@: lethally poisoned (0 -> -5), flying
A: no striking features
a: no special abilities


You were on level 1 of the Dungeon.
You visited 1 branch of the dungeon, and saw 1 of its levels.

You collected 34 gold pieces.

Inventory:

Hand Weapons
 f - a +0 mace
 g - a +0 dagger (weapon)
Missiles
 e - 5 poisoned darts
 h - 16 stones
Armour
 a - a +0 robe (worn)
 c - a +0 ring mail
 d - a +2 cloak (worn)
Potions
 b - a potion of magic
 j - a potion of degeneration {unknown}


   Skills:
 + Level 1.0 Fighting
 - Level 1.6 Dodging
 - Level 1.5 Stealth
 - Level 1.5 Spellcasting
 + Level 1.4 Conjurations
 + Level 3.5 Fire Magic


You had 3 spell levels left.
You knew the following spells:

 Your Spells              Type           Power      Damage    Failure   Level
a - Foxfire               Conj/Fire      32%        2x1d5     9%          1

Your spell library contained the following spells:

 Spells                   Type           Power      Damage    Failure   Level
 Scorch                   Fire           22%        2d5       9%          2
 Inner Flame              Hex/Fire       6%         N/A       34%         3
 Volatile Blastmotes      Fire/Tloc      12%        2d11      34%         3
 Flame Wave               Conj/Fire      8%         2d5       63%         4


Dungeon Overview and Level Annotations

Branches:
Dungeon (1/15)

Altars:


Message History

Press: ? - help, Q - select action, (/) - cycle Dir - look around, f - activate You conjure some foxfire!
The foxfire hits the kobold.
The kobold is severely wounded.
Your foxfire dissipates!
Casting: Foxfire (safe; 9% risk of failure)
Press: ? - help, Q - select action, (/) - cycle Dir - look around, f - activate You conjure some foxfire!
The foxfire hits the kobold but does no damage.
The kobold is severely wounded.
Your foxfire dissipates!
The kobold hits you with a +2 short sword of venom.
You are poisoned.
You closely miss the kobold.
The kobold is severely wounded.
You feel very sick.
The kobold hits you with a +2 short sword of venom.
You are more poisoned.
You barely miss the kobold.
The kobold is severely wounded.
You feel very sick. The kobold hits you but does no damage.
The kobold attacks as you move away! The kobold barely misses you.
You feel very sick.
Okay, then.
You aren't carrying any scrolls.
It was a potion of flight.
You feel very buoyant.
You fly up into the air.
You feel sick. The kobold closely misses you.
You closely miss the kobold.
The kobold is severely wounded.
You feel sick. The kobold completely misses you.
You barely miss the kobold.
The kobold is severely wounded.
You feel sick.
The kobold hits you with a +2 short sword of venom.
* * * LOW HITPOINT WARNING * * *
You hit the kobold.
You kill the kobold!
You die...

#.. ##. #.! .. .. ..## .(
..## ###. ... ... #.#
#.##.#.#########.#
#..........)@....########
........#########.......#
##.#.##.# #........# ..
..# #....##..##### #.
...# #............. #
....# #....##..###.#
#.##.# ########## #.#
####.## #.# #...# #.#


There were no monsters in sight!

Vanquished Creatures
  2 endoplasms (D:1)
  A goblin (D:1)
  2 hobgoblins (D:1)
  A quokka (D:1)
  3 kobolds (D:1)
  3 rats (D:1)
12 creatures vanquished.

Vanquished Creatures (others)
  22 foxfires (D:1)
22 creatures vanquished.

Grand Total: 34 creatures vanquished

Notes
Turn   | Place    | Note
-------+----------+-------------------------------------------
     0 | D:1      | AgateBread the Hill Orc Fire Elementalist began the quest
                  | for the Orb.
     0 | D:1      | Reached XP level 1. HP: 14/14 MP: 3/3
   487 | D:1      | Reached XP level 2. HP: 22/22 MP: 2/4
   715 | D:1      | Reached skill level 1 in Fighting
   919 | D:1      | HP: 1/23 [kobold/+2 short sword of venom (5)]
   920 | D:1      | Succumbed to a kobold's poison

Illustrated notes

Levels and vault maps discovered:
D:1:      dpeg_arrival_rooms_a, layout_loops_cross, minmay_tripent

Skill      XL: |  1  2 |
---------------+-------+-----
Fighting       | 1 |  1.0
Dodging        | |  1.6
Stealth        | |  1.5
Spellcasting   | |  1.5
Conjurations   | |  1.4
Fire Magic     | |  3.5

Action                     || total
---------------------------++-------
  Melee: Dagger            ||    25
   Cast: Foxfire           ||    16
    Use: Potion            ||     1
 Armour: Robe              ||     8
  Dodge: Dodged            ||    12
